AoeStats
← |MP| patrick

Black Forest

508785924Analyzed
4v4 RM · 9d ago on Sep 24, 2026· 38m 21s· 8 players
Game mode
Random Map
Map size
Large (8 player)
Population
200
Speed
Normal
Resources
Standard
Victory
Conquest
Starting age
Dark Age
Ending age
Imperial Age
RankedLock teamsTeams togetherTeam positionsShared explorationLock speedFull tech treeHidden civsTurbo modeCheats
Victory
Defeat
🇦🇷 Koreans · Argentina
1542
+12
🇦🇷 Dravidians · Argentina
1476
+14
🇦🇷 Malians · Argentina
1428
+16
🇦🇷 Italians · Argentina
1408
+18
🇲🇽 Poles · Mexico
1489
-17
🇭🇰 Tatars · Hong Kong SAR China
1451
-15
🇦🇷 Tupi · Argentina
1449
-15
🇦🇷 Saxons · Argentina
1380
-13
M-A
0:26 Loom
13:19 Feudal Age
17:19 Castle Age
15:57 Horse Collar
16:05 Double-Bit Axe
18:33 Bow Saw
19:06 Heavy Plow
25:40 Gold Mining
26:43 Wheelbarrow
26:35 Treadmill Crane
28:08 Fletching
29:29 Ballistics
31:44 Imperial Age
30:11 Bodkin Arrow
30:30 Squires
30:17 Arson
30:06 Champi Runner
30:50 Scale Mail Armor
31:19 Hand Cart
31:26 Hand Cart
30:59 Town Watch
30:51 Champi Warrior
31:48 Padded Archer Armor
32:47 Chain Mail Armor
32:43 Forging
31:54 Elite Champi Warrior
34:12 Chemistry
34:25 Bracer
36:03 Plate Mail Armor
36:15 Caciques
Walmart
0:33 Loom
10:43 Feudal Age
14:46 Wheelbarrow
20:26 Castle Age
你朋友
2:58 Loom
Owen Guillermo Crippa
11:26 Feudal Age
15:24 Castle Age
15:35 Scale Mail Armor
15:45 Forging
15:32 Double-Bit Axe
15:28 Horse Collar
16:43 Loom
19:28 Scale Barding Armor
19:44 Chain Mail Armor
19:29 Man-at-Arms
20:55 Gambesons
21:39 Long Swordsman
|MP| layc0ni
9:12 Feudal Age
9:13 Man-at-Arms
10:50 Double-Bit Axe
12:14 Horse Collar
13:35 Wheelbarrow
17:33 Castle Age
16:09 Scale Mail Armor
16:54 Gold Mining
17:47 Forging
17:53 Long Swordsman
18:22 Arson
24:35 Loom
25:58 Chain Mail Armor
31:09 Iron Casting
31:52 Squires
32:42 Bow Saw
32:34 Heavy Plow
32:54 Hand Cart
34:55 Town Watch
37:50 Imperial Age
37:51 Two-Handed Swordsman
39:03 Plate Mail Armor
[MP] Lauchav
0:45 Loom
14:11 Feudal Age
18:32 Castle Age
17:30 Double-Bit Axe
22:36 Horse Collar
23:58 Heavy Plow
24:19 Bow Saw
27:00 Wheelbarrow
29:45 Hand Cart
32:18 Imperial Age
32:24 Imperial Age
31:11 Fletching
31:21 Padded Archer Armor
31:36 Gold Mining
32:42 Ballistics
32:37 Town Watch
33:19 Bodkin Arrow
33:55 Leather Archer Armor
34:24 Thumb Ring
35:45 Bracer
36:01 Bracer
37:40 Ring Archer Armor
37:11 Elite Elephant Archer
39:52 Chemistry
|MP| Equisd3
10:36 Feudal Age
9:03 Loom
10:49 Feudal Age
13:06 Double-Bit Axe
15:27 Castle Age
13:38 Horse Collar
16:20 Bow Saw
20:29 Wheelbarrow
23:58 Gold Mining
25:55 Bloodlines
25:45 Husbandry
28:16 Scale Barding Armor
31:56 Imperial Age
29:48 Hand Cart
29:53 Heavy Plow
30:33 Chain Barding Armor
33:15 Plate Barding Armor
32:02 Cavalier
33:18 Crop Rotation
33:51 Two-Man Saw
34:13 Stone Mining
34:40 Forging
34:53 Fletching
35:29 Ballistics
36:10 Chemistry
35:39 Bodkin Arrow
35:46 Padded Archer Armor
36:19 Bracer
36:28 Thumb Ring
35:50 Crossbowman
36:38 Caravan
36:39 Arbalester
36:46 Arbalester
38:01 Leather Archer Armor
|MP| patrick
10:34 Feudal Age
14:18 Castle Age
12:48 Double-Bit Axe
12:56 Horse Collar
15:21 Bow Saw
21:13 Wheelbarrow
20:56 Heavy Plow
22:43 Fletching
22:56 Stone Mining
23:48 Gold Mining
25:10 Gold Shaft Mining
25:26 Hand Cart
29:35 Imperial Age
30:38 Shinkichon
29:47 Heavy Rocket Cart
32:00 Siege Engineers
32:55 Chemistry
32:16 Ballistics
32:10 Fletching
34:41 Bodkin Arrow
36:56 Capped Ram
Connection lost

Rejoining the realm…

Still unreachable

The connection could not be restored.

Session expired

The server has moved on; the page needs a fresh start.